 Dungeon Crawl Stone Soup version 0.29-a0-25-g7f48f510a0 (webtiles) character file.

Game seed: 246685826458067683

11 Bosse the Digger (level 2, -19/15 HPs)
             Began as a Gargoyle Earth Elementalist on Jan 31, 2022.
             Killed from afar by an oklob plant (34 damage)
             ... with a splash of acid
             ... created by the enmity of Fedhas Madash
             ... on level 1 of the Dungeon.
             The game lasted 00:02:41 (522 turns).

Bosse the Digger (Gargoyle Earth Elementalist)       Turns: 522, Time: 00:02:43

Health: -19/15     AC:  4    Str: 11    XL:     2   Next: 29%
Magic:  3/5        EV: 12    Int: 15    God:
Gold:   39         SH:  0    Dex: 10    Spells: 4/5 levels left

rFire   . . .      SeeInvis .   (no weapon)
rCold   . . .      Faith    .   (no shield)
rNeg    + . .      Spirit   .   b - +0 robe
rPois   ∞          Reflect  .   (no helmet)
rElec   +          Harm     .   (no cloak)
rCorr   .          Rampage  .   (no gloves)
Will    .....                   (no boots)
Stlth   ++........              (no amulet)
HPRegen 0.05/turn               (no ring)
MPRegen 0.09/turn               (no ring)

@: no status effects
A: sickness immunity, AC +2, negative energy resistance 1, electricity
resistance, torment resistance 1, petrification resistance
a: no special abilities


You were on level 1 of the Dungeon.
You visited 1 branch of the dungeon, and saw 1 of its levels.

You collected 39 gold pieces.

Inventory:

Missiles
 c - 40 stones
Armour
 b - a +0 robe (worn)
Scrolls
 d - a scroll of immolation {unknown}
Potions
 a - a potion of flight {unknown}


   Skills:
 + Level 1.7 Dodging
 + Level 2.2 Stealth
 + Level 2.2 Spellcasting
 + Level 0.7 Transmutations
 * Level 4.0 Earth Magic


You had 4 spell levels left.
You knew the following spells:

 Your Spells              Type           Power      Damage    Failure   Level
a - Sandblast             Erth           26%        2d8       4%          1

Your spell library contained the following spells:

 Spells                   Type           Power      Damage    Failure   Level
 Passwall                 Tmut/Erth      6%         N/A       12%         2
 Stone Arrow              Conj/Erth      14%        3d7       28%         3
 Petrify                  Tmut/Erth      8%         N/A       63%         4


Dungeon Overview and Level Annotations

Branches:
Dungeon (1/15)

Altars:
Fedhas

Annotations:
D:1 exclusion: 3 oklob plants


Innate Abilities, Weirdness & Mutations

You are immune to sickness and miasma.
Your stone body is resilient. (AC +2)
You are immune to poison.
You resist negative energy. (rN+)
You are resistant to electric shocks. (rElec)
You are resistant to unholy torment.
You are immune to petrification.


Message History

The ball python hisses angrily.
The blast of sand hits the ball python!
You kill the ball python!
A frilled lizard comes into view.
You can't see any susceptible monsters within range! (Use Z to cast anyway.)
The frilled lizard hisses angrily.
You can't see any susceptible monsters within range! (Use Z to cast anyway.)
Found a robe.
The blast of sand hits the frilled lizard.
You kill the frilled lizard!
You open the door.
There is an open door here.
Found a short sword.
A kobold comes into view. It is wielding a +0 whip.
The kobold throws a stone.
The stone hits you.
A kobold is nearby!
You see here a +0 short sword.
The blast of sand misses the kobold.
The kobold throws a stone.
The stone hits you.
The blast of sand hits the kobold!
You kill the kobold!
HP restored.
c - 43 stones (gained 5)
Things that are here:
a +0 whip; a kobold corpse A bat comes into view.
The blast of sand hits the bat!
You kill the bat!
Plants grow around you in an ominous manner.
Marking area around 3 oklob plants as unsafe for travelling. 3 oklob plants come into view.
The blast of sand hits the oklob plant!
The oklob plant is moderately damaged.
The blast of sand hits the oklob plant but does no damage.
The oklob plant is moderately damaged.
The wandering mushroom closely misses you.
The oklob plant spits acid at you. The splash of acid hits you!!
Ouch! That really hurt!
You die...

#######.#.#.....#.##.......######
........#.#####.#.#........#
#'#######.#..........>.....#
..........#.###.#.#........######
######.####...#.#+##.............
..####.####............##########
..#....).......f.........
.............f...P.......#
..[...........P.@........#
..........)....f#####....#
....#######.....# .... #...P.#
.... #.#+#.# #### #.#†..# #.#####
#.. ###


You could see 3 oklob plants and 3 wandering mushrooms.

Vanquished Creatures
  3 ball pythons (D:1)
  A hobgoblin (D:1)
  A kobold (D:1)
  4 bats (D:1)
  A frilled lizard (D:1)
  A rat (D:1)
11 creatures vanquished.

Notes
Turn   | Place    | Note
-------+----------+-------------------------------------------
     0 | D:1      | Bosse the Gargoyle Earth Elementalist began the quest for
                  | the Orb.
     0 | D:1      | Reached XP level 1. HP: 10/10 MP: 3/3
   241 | D:1      | Reached XP level 2. HP: 15/15 MP: 3/5
   291 | D:1      | Found a faded altar of an unknown god.
   326 | D:1      | Prayed at the altar of an unknown god.
   326 | D:1      | Became a worshipper of Fedhas Madash
   326 | D:1      | Reached * piety under Fedhas
   327 | D:1      | Fell from the grace of Fedhas
   385 | D:1      | Reached skill level 4 in Earth Magic
   521 | D:1      | Noticed an oklob plant
   521 | D:1      | Noticed an oklob plant
   521 | D:1      | Noticed a wandering mushroom
   521 | D:1      | Noticed a wandering mushroom
   521 | D:1      | Noticed an oklob plant
   521 | D:1      | Noticed a wandering mushroom
   522 | D:1      | Killed from afar by an oklob plant

Illustrated notes

Levels and vault maps discovered:
D:1:      matt_arrival_refuge, layout_basic, ebering_ecumenical_altar_abandoned,
          serial_glass, glass_columns_c, glass_columns_a

Skill      XL: |  1  2 |
---------------+-------+-----
Earth Magic    | 4 |  4.0
Dodging        | |  1.7
Stealth        | |  2.2
Spellcasting   | |  2.2
Transmutations | |  0.7

Action                   || total
-------------------------++-------
 Cast: Sandblast         ||    15
Invok: Renounce Religion ||     1
Armor: Robe              ||     2
Dodge: Dodged            ||     1

Table legend: (Time is in decaauts)
 A = Elapsed time spent in this place.
 B = Non-inter-level travel time spent in this place.
 C = Inter-level travel time spent in this place.
 D = Time resting spent in this place.
 E = Time spent auto-exploring this place.
 F = Levels seen in this place.
 G = Mean time per level.
                   A        B        C        D        E       F      G
               +--------+--------+--------+--------+--------+-----+--------+
         Total |    522 |    522 |      0 |      0 |    458 |   1 |  522.0 |
       Dungeon |    522 |    522 |      0 |      0 |    458 |   1 |  522.0 |
               +--------+--------+--------+--------+--------+-----+--------+

Top non-repeatable levels by time:
     D:1: 522 daAuts
